Map: Zen LE

Players

MarineLorD

  • Race: Terran Terran
  • League: Master
  • Spawn Location: 7:00

soO - Winner!

  • Race: Zerg Zerg
  • League: Grandmaster
  • Spawn Location: 1:00

Event: NationWars 2019

VOD

Have the link to the VOD?

Description

Time

  • Played on: Dec. 8, 2019, 9:38 a.m.
  • Length: 7:26
Show
View Real Time Build Order
Export as new Build Order

MarineLorD Terran 

Build Orders: Reaper Expand 

Get SALT Encoding   

  12  0:00  SCV  
  13  0:12  SCV  
  14  0:17  Supply Depot  
  14  0:24  SCV  
  15  0:38  SCV  
  15  0:39  Barracks  
  16  0:44  Refinery  
  16  0:51  SCV  
  17  1:03  SCV  
  18  1:15  SCV  
  19  1:26  Reaper  
  19  1:27  Orbital Command  
  20  1:39  Command Center  
  20  1:47  Supply Depot  
  20  1:53  SCV  
  21  1:58  Marine  
  22  2:05  SCV  
  23  2:08  Factory  
  23  2:11  Refinery  
  23  2:16  Marine  
  23  2:20  SCV  
  25  2:32  SCV  
  25  2:35  Barracks Reactor  
  24  2:44  SCV  
  24  2:54  Hellion  
  24  2:57  SCV, Starport  
  27  3:07  Bunker  
  27  3:09  SCV  
  28  3:14  Orbital Command  
  28  3:21  SCV, Marine  
  28  3:22  Hellion x2  
  34  3:33  SCV  
  35  3:37  Fusion Core  
  35  3:39  Marine  
  35  3:40  SCV  
  37  3:42  Supply Depot  
  37  3:45  SCV  
  38  3:52  SCV  
  38  3:57  SCV  
  38  4:01  Hellion x2  
  43  4:04  SCV  
  43  4:05  Supply Depot  
  43  4:06  Starport Tech Lab  
  43  4:09  SCV  
  45  4:16  SCV  
  46  4:21  SCV  
  47  4:28  SCV  
  48  4:31  Command Center  
  48  4:33  SCV  
  48  4:38  Supply Depot  
  49  4:41  SCV  
  49  4:44  Battlecruiser  
  56  4:46  SCV  
  57  4:53  SCV  
  57  4:55  Hellion  
  57  4:56  Hellion  
  57  4:59  SCV  
  63  5:02  Supply Depot  
  63  5:05  SCV  
  64  5:08  Refinery  
  64  5:11  SCV, Refinery  
  65  5:17  SCV  
  65  5:19  Factory  
  65  5:21  Factory  
  66  5:24  SCV  
  66  5:25  Supply Depot  
  66  5:26  Hellion  
  71  5:28  Hellion  
  71  5:29  SCV  
  71  5:34  Supply Depot  
  72  5:36  SCV  
  72  5:41  SCV  
  74  5:48  SCV  
  76  5:52  Battlecruiser  
  76  5:53  SCV  
  76  5:55  SCV  
  83  6:00  SCV  
  83  6:01  Hellion x2  
  83  6:04  Factory Tech Lab  
  88  6:06  SCV  
  87  6:16  Orbital Command  
  85  6:25  SCV  
  83  6:29  SCV  
  80  6:36  Hellion  
  85  6:42  Hellion  
  85  6:43  SCV  
  85  6:47  SCV  
  85  6:49  SCV  
  82  6:55  SCV, Marine  
  82  6:59  SCV  
  85  7:01  SCV  
  85  7:07  SCV  
  83  7:11  SCV  
  77  7:13  SCV  
Show
View Real Time Build Order
Export as new Build Order

soO Zerg - Winner!

Build Orders: Pool First 

Get SALT Encoding   

  12  0:00  Drone  
  13  0:12  Overlord  
  13  0:17  Drone  
  14  0:30  Drone x2  
  16  0:40  Spawning Pool  
  15  0:44  Drone  
  15  0:48  Drone  
  17  1:08  Hatchery  
  17  1:11  Drone  
  17  1:16  Drone  
  18  1:25  Extractor  
  17  1:27  Zergling x4  
  17  1:32  Queen  
  21  1:39  Overlord  
  21  1:49  Drone  
  22  2:01  Drone  
  22  2:08  Queen  
  23  2:10  Drone  
  26  2:20  Queen  
  26  2:21  Drone x2  
  30  2:33  Overlord  
  30  2:35  Drone  
  30  2:37  Metabolic Boost  
  31  2:40  Drone x2  
  32  2:45  Drone x2  
  32  2:48  Drone  
  34  2:56  Zergling x4  
  36  3:03  Drone  
  37  3:06  Drone  
  38  3:14  Hatchery  
  38  3:16  Drone x2  
  39  3:21  Drone x3  
  39  3:26  Overlord  
  42  3:35  Overlord  
  42  3:36  Drone x2  
  44  3:46  Drone x3  
  47  3:51  Drone  
  47  3:54  Queen  
  49  3:58  Drone  
  49  3:59  Drone  
  49  4:00  Drone  
  49  4:01  Drone  
  49  4:02  Drone  
  53  4:05  Roach Warren, Lair  
  53  4:08  Extractor  
  51  4:12  Zergling x8  
  55  4:18  Drone  
  55  4:23  Overlord  
  56  4:26  Queen  
  56  4:28  Overlord  
  58  4:34  Overlord  
  58  4:41  Overlord  
  58  4:42  Drone x5  
  58  4:43  Drone x2  
  58  4:45  Extractor  
  64  4:47  Drone  
  65  4:58  Drone x3  
  69  5:00  Drone x2  
  69  5:01  Queen  
  69  5:02  Glial Reconstitution  
  69  5:06  Drone  
  73  5:11  Extractor  
  73  5:12  Nydus Network  
  71  5:15  Roach x4  
  71  5:18  Overlord  
  71  5:21  Spore Crawler x2  
  77  5:23  Spore Crawler  
  77  5:24  Drone x2  
  78  5:31  Drone x3  
  78  5:32  Overlord  
  78  5:34  Overlord  
  81  5:36  Roach  
  81  5:37  Roach x2  
  87  5:43  Queen, Overlord  
  87  5:49  Nydus Canal  
  89  5:50  Roach  
  89  5:51  Roach x2  
  95  6:01  Roach x3  
  95  6:03  Roach x3  
  107  6:05  Roach x2  
  107  6:10  Roach x2  
  112  6:11  Roach  
  112  6:14  Roach  
  112  6:15  Roach  
  112  6:17  Roach  
  112  6:18  Drone  
  117  6:22  Drone  
  117  6:23  Drone x2  
  116  6:26  Drone x2  
  116  6:30  Nydus Canal  
  116  6:31  Drone x2  
  120  6:35  Drone  
  121  6:44  Overlord  
  121  6:48  Overlord  
  121  6:49  Overlord  
  121  6:51  Overlord  
  121  6:53  Overlord  
  121  6:55  Overlord  
  121  7:04  Drone  
  121  7:05  Drone  
  121  7:06  Drone x2  
  125  7:10  Drone  
Tags
 
Add a new tag
Caveats
  • Supply blocks, unpowered buildings, or Contaminate may cause inaccurate times.
  • Supply counts are checked every 10 seconds.